 Dungeon Crawl Stone Soup version 0.29-a0-19-gef7f3e67aa (webtiles) character file.

Game seed: 17926923484414647593

133 Nattfarinn the Cutter (level 5, -1/26 HPs)
             Began as a Vine Stalker Gladiator on Jan 29, 2022.
             Killed by divine providence
             ... invoked by an orc priest
              (11 damage)
             ... on level 3 of the Dungeon.
             The game lasted 00:02:46 (2057 turns).

Nattfarinn the Cutter (Vine Stalker Gladiator)      Turns: 2057, Time: 00:02:47

Health: -1/26      AC:  5    Str: 19    XL:     5   Next: 16%
Magic:  0/6        EV: 12    Int:  8    God:
Gold:   88         SH:  0    Dex: 15    Spells: 4/4 levels left

rFire   . . .      SeeInvis .   e - +0 dagger (flame)
rCold   . . .      Faith    .   (no shield)
rNeg    . . .      Spirit   +   b - +0 leather armour
rPois   .          Reflect  .   c - +0 helmet
rElec   .          Harm     .   j - +0 cloak
rCorr   .          Rampage  .   (no gloves)
Will    .....                   (no boots)
Stlth   +.........              (no amulet)
HPRegen 0.88/turn               (no ring)
MPRegen 0.10/turn               (no ring)

@: no status effects
A: fangs 2, regeneration 1, magic shield, antimagic bite, no potion heal 2
a: no special abilities


You were on level 3 of the Dungeon.
You visited 1 branch of the dungeon, and saw 3 of its levels.

You collected 88 gold pieces.

Inventory:

Hand Weapons
 a - a +0 rapier
 e - a +0 dagger of flaming (weapon)
Missiles
 d - 3 throwing nets (quivered)
Armour
 b - a +0 leather armour (worn)
 c - a +0 helmet (worn)
 j - a +0 cloak (worn)
Scrolls
 g - 4 scrolls of identify {unknown}
 k - a scroll of fear {unknown}
 l - a scroll of teleportation {unknown}
Potions
 f - a potion of brilliance {unknown}
 h - a potion of ambrosia {unknown}
 i - a potion of degeneration {unknown}


   Skills:
 - Level 1.7 Fighting
 + Level 5.2 Short Blades
 - Level 1.7 Throwing
 - Level 2.4 Dodging


You had 4 spell levels left.
You didn't know any spells.
Your spell library contained the following spells:

 Spells                   Type           Power      Damage    Failure   Level
 Ensorcelled Hibernation  Hex/Ice        0%         N/A       61%         2
 Passwall                 Tmut/Erth      0%         N/A       61%         2
 Swiftness                Air            0%         N/A       83%         3


Dungeon Overview and Level Annotations

Branches:
Dungeon (3/15)

Altars:


Innate Abilities, Weirdness & Mutations

You have extremely sharp teeth.
Your natural rate of healing is unusually fast.
When hurt, damage is shared between your health and your magic reserves.
Your bite disrupts and absorbs the magic of your enemies.
Potions cannot restore your health.


Message History

An orc wizard appears from thin air!
Reactivating autopickup.
The orc hits you with a +0 dagger.
You closely miss the orc. The orc hits you with a +0 dagger.
You barely miss the orc. You bite the orc. You drain its power.
The orc is heavily wounded.
The orc hits you but does no damage.
You barely miss the orc. You bite the orc. You drain its power.
The orc is almost dead.
The orc closely misses you.
You closely miss the orc. You bite the orc.
You kill the orc!
The orc wizard mumbles some strange words.
The orc wizard flickers and vanishes!
Deactivating autopickup; reactivate with Ctrl-A.
The orc priest looks encouraged for a moment.
You closely miss something. Your bite misses something. Something hits you.
The orc closely misses you.
You miss something. Your bite misses something.
Something hits you but does no damage. The orc hits you but does no damage.
You closely miss something. Your bite misses something. Something hits you.
You barely miss something. The orc closely misses you.
You miss something. Something hits you but does no damage.
The orc closely misses you.
You closely miss something. You bite something. You drain its magic.
You feel invigorated. Something hits you but does no damage.
The orc hits you from afar with a +0 trident.
You hit something but do no damage. Your bite misses something.
Something hits you.
You hit something but do no damage.
The orc hits you from afar with a +0 trident!
You miss something. Something hits you but does no damage.
The orc barely misses you.
You hit something. You burn something.
The orc priest mumbles some strange prayers to Beogh against you.
Beogh smites you! Something hits you but does no damage.
The orc priest miscasts a cantrip.
The orc priest mumbles some strange prayers to Beogh against you.
Beogh smites you!
You die...

#.#
#.#
#o#
#K#
#o#
#o#
#{# #
###.#
.#
#.@.#
.#
#.###
##
#.#
#####
#(#
....#
#.#
.##.#
#.#
.##.#
#.#
.##.#
#.#
.##.#
#.#


You could see 2 orc priests, an orc and a kobold.

Vanquished Creatures
  Natasha (thrice) (D:2)
  A gnoll (D:1)
  2 dart slugs (D:1)
  An orc (D:3)
  4 endoplasms (D:1)
  2 giant cockroaches
  2 goblins
  6 hobgoblins (D:1)
  3 jackals (D:1)
  3 quokkas (D:1)
  5 ball pythons
  2 bats
  2 frilled lizards (D:2)
  4 kobolds
  A rat (D:2)
41 creatures vanquished.

Notes
Turn   | Place    | Note
-------+----------+-------------------------------------------
     0 | D:1      | Nattfarinn the Vine Stalker Gladiator began the quest for
                  | the Orb.
     0 | D:1      | Reached XP level 1. HP: 11/11 MP: 2/2
    24 | D:1      | Reached skill level 3 in Short Blades
    88 | D:1      | Reached XP level 2. HP: 15/15 MP: 3/3
   417 | D:1      | Noticed a great orb of eyes
   419 | D:1      | Found a faded altar of an unknown god.
   424 | D:1      | Reached XP level 3. HP: 18/18 MP: 4/4
   429 | D:1      | Noticed a floating eye
   429 | D:1      | Noticed a shining eye
   429 | D:1      | Noticed a shining eye
   498 | D:1      | Reached skill level 4 in Short Blades
  1573 | D:2      | Noticed Natasha
  1588 | D:2      | Killed Natasha
  1589 | D:2      | Gained mutation: Your natural rate of healing is unusually
                  | fast. [Vine Stalker growth]
  1589 | D:2      | Reached XP level 4. HP: 5/23 MP: 2/5
  1658 | D:2      | Noticed Natasha
  1666 | D:2      | Killed Natasha
  1784 | D:2      | Noticed Natasha
  1791 | D:2      | Killed Natasha
  1792 | D:2      | Reached skill level 5 in Short Blades
  1792 | D:2      | Reached XP level 5. HP: 26/26 MP: 6/6
  2057 | D:3      | Killed from afar by an orc priest

Illustrated notes

Levels and vault maps discovered:
D:1:      amcnicky_arrival_wind_blow, layout_basic,
          hellmonk_ecumenical_altar_watching_god, minmay_misc_feat_cross,
          hex_large, minmay_misc_feat_pillars, minmay_tromino_v4_b
D:2:      layout_basic, uniq_natasha
D:3:      layout_loops_ring, minmay_diced_spiral

Skill      XL: |  1  2  3  4 |
---------------+-------------+-----
Short Blades   | 3 4 5 |  5.2
Fighting       | |  1.7
Throwing       | |  1.7
Dodging        | |  2.4

Action                   |  1- 3 |  4- 6 || total
-------------------------+-------+-------++-------
Melee: Rapier            |    12 |       ||    12
       Bite              |    24 |    16 ||    40
       Dagger            |   110 |    48 ||   158
       Punch             |     3 |     1 ||     4
Armor: Leather armour    |    26 |    11 ||    37
Dodge: Dodged            |    61 |    32 ||    93

Table legend: (Time is in decaauts)
 A = Elapsed time spent in this place.
 B = Non-inter-level travel time spent in this place.
 C = Inter-level travel time spent in this place.
 D = Time resting spent in this place.
 E = Time spent auto-exploring this place.
 F = Levels seen in this place.
 G = Mean time per level.
                   A        B        C        D        E       F      G
               +--------+--------+--------+--------+--------+-----+--------+
         Total |   2032 |   2001 |     31 |     18 |   1643 |   3 |  677.3 |
       Dungeon |   2032 |   2001 |     31 |     18 |   1643 |   3 |  677.3 |
               +--------+--------+--------+--------+--------+-----+--------+

Top non-repeatable levels by time:
     D:1: 1097 daAuts
     D:2: 689 daAuts
     D:3: 246 daAuts
